 Dungeon Crawl Stone Soup version 0.29.0 (webtiles) character file.

Game seed: 10007548416477217282

25 worthlessgem the Changer (level 2, -8/12 HPs)
             Began as a Felid Transmuter on Aug 25, 2022.
             Killed by divine providence
             ... invoked by an orc priest
              (17 damage)
             ... on level 2 of the Dungeon.
             The game lasted 00:04:48 (1233 turns).

worthlessgem the Changer (Felid Transmuter)         Turns: 1233, Time: 00:04:50

Health: -8/12      AC:  5    Str:  6    XL:     2   Next: 86%
Magic:  13/15      EV: 17    Int: 14    God:
Gold:   38         SH:  0    Dex: 16    Spells: 2/5 levels left
                                        Lives:  0   Deaths: 0

rFire   . . .      SeeInvis +     - Unarmed
rCold   . . .      Faith    .   (shield unavailable)
rNeg    . . .      Spirit   .   (body armour unavailable)
rPois   .          Reflect  .   (helmet unavailable)
rElec   .          Harm     .   (cloak unavailable)
rCorr   .          Rampage  .   (gloves unavailable)
Will    .....                   (boots unavailable)
Stlth   +.........              (no amulet)
HPRegen 0.04/turn               b - ring of magical power
MPRegen 0.14/turn               d - +4 ring of protection

@: appendages, wereblooded, quick
A: horns 2, very small, claws 1, fangs 3, see invisible, speed 1, shaggy fur 1,
stealthy paws, no weapons or thrown items, no armour, multi-lived
a: End Transformation


You were on level 2 of the Dungeon.
You had temporarily grown beastly horns.
You visited 1 branch of the dungeon, and saw 2 of its levels.

You collected 38 gold pieces.

Inventory:

Jewellery
 b - a ring of magical power (left paw)
 c - a ring of flight
 d - a +4 ring of protection (right paw)
Scrolls
 f - 2 scrolls of teleportation {unknown}
 g - a scroll of noise {unknown}
 i - a scroll of magic mapping {unknown}
 j - a scroll of identify {unknown}
Potions
 a - a potion of lignification
 e - a potion of attraction {unknown}
 h - a potion of curing {unknown}


   Skills:
 - Level 1.0 Fighting
 - Level 2.6 Dodging
 - Level 3.0 Unarmed Combat
 - Level 2.0 Spellcasting
 + Level 3.8 Transmutations


You had 2 spell levels left.
You knew the following spells:

 Your Spells              Type           Power      Damage    Failure   Level
a - Beastly Appendage     Tmut           24%        N/A       4%          1
b - Wereblood             Tmut           12%        N/A       8%          2

Your spell library contained the following spells:

 Spells                   Type           Power      Damage    Failure   Level
 Spider Form              Tmut/Pois      6%         N/A       32%         3
 Ice Form                 Ice/Tmut       6%         N/A       71%         4


Dungeon Overview and Level Annotations

Branches:
Dungeon (2/15)

Altars:

Annotations:
D:2 exclusion: adder, Natasha


Innate Abilities, Weirdness & Mutations

You have temporarily grown beastly horns.
You have sharp claws.
You have razor-sharp teeth.
You have supernaturally acute eyesight. (SInv)
You cover ground quickly. (Speed+)
You are covered in fur. (AC +1)
Your paws help you pounce on unaware monsters.
You are incapable of wielding weapons or throwing items.
You cannot wear armour.
You gain extra lives every three experience levels.


Message History

The rat completely misses you.
A rat is nearby!
You closely miss the rat.
The rat is severely wounded.
The rat closely misses you.
You claw the rat!
You kill the rat!
A bat comes into view.
You see here a rat corpse.
The helpless bat fails to defend itself.
You claw the bat!
You kill the bat!
No target in view!
Your transformation is almost over.
You see here a +0 helmet.
Your horns disappear.
Found an escape hatch in the ceiling.
There is an escape hatch in the ceiling here.
You see here a +0 helmet.
An orc priest comes into view. It is wielding a +0 hand axe.
The orc priest shouts!
You hear a shout!
The orc priest looks encouraged for a moment.
You grow a pair of large bovine horns.
Casting: Beastly Appendage (safe; 4% risk of failure)
Confirm with . or Enter, or press ? or * to list all spells.
Your blood is infused with primal strength.
The orc priest closely misses you.
You scratch the orc priest.
You headbutt the orc priest, but do no damage.
The orc priest is moderately wounded.
An orc priest comes into view. It is wielding a +0 dagger.
The orc priest calls down the wrath of Beogh upon you.
Pain shoots through your body!
You scratch the orc priest but do no damage.
You headbutt the orc priest, but do no damage.
The orc priest is moderately wounded.
The orc priest calls down the wrath of Beogh upon you.
Beogh smites you!
Ouch! That really hurt!
You die...

.##.)####### #.#
.##.)# #o# .##..###
#.# .......# #.#
.....#.# #.#
.#..##.# #.#
....##.# #.#
##.###.###########.#
#.# #..........@o.#
##.# ###############
...# ####


You could see an orc priest.

Vanquished Creatures
  A dart slug (D:2)
  3 endoplasms (D:2)
  A giant cockroach (D:2)
  2 hobgoblins
  3 kobolds
  3 ball pythons
  3 bats
  2 goblins
  6 rats
24 creatures vanquished.

Notes
Turn   | Place    | Note
-------+----------+-------------------------------------------
     0 | D:1      | worthlessgem the Felid Transmuter began the quest for the
                  | Orb.
     0 | D:1      | Reached XP level 1. HP: 9/9 MP: 4/4
   450 | D:2      | Identified the +5 hand axe of Luloucol {freeze, Int+6
                  | Dex+2}
   488 | D:2      | Reached XP level 2. HP: 12/12 MP: 6/6
   491 | D:2      | Learned a level 2 spell: Wereblood
   707 | D:2      | Noticed Natasha
  1233 | D:2      | Killed from afar by an orc priest

Illustrated notes

Levels and vault maps discovered:
D:1:      minmay_arrival_semitransparent, layout_basic,
          chequers_ecumenical_altar_simple, glass_columns_a
D:2:      layout_loops_ring, uniq_natasha

Skill      XL: |  1 |
---------------+----+-----
Transmutations | 3 |  3.8
Fighting       | |  1.0
Dodging        | |  2.6
Unarmed Combat | |  3.0
Spellcasting   | |  2.0

Action                   || total
-------------------------++-------
Melee: Unarmed           ||    64
       Headbutt          ||     8
       Bite              ||     3
 Cast: Beastly Appendage ||    15
       Wereblood         ||     2
 Stab: Sleeping          ||     2
Armor: Skin              ||     9
Dodge: Dodged            ||    37
